 Dungeon Crawl Stone Soup version 0.19.5 (webtiles) character file.

21949 MoonstoneMouse the Basher (level 12, 0/107 HPs)
             Began as a Minotaur Gladiator on Apr 5, 2017.
             Was the Champion of Ru.
             Succumbed to a spiny frog's poison
             ... on level 4 of the Lair of Beasts.
             The game lasted 00:48:44 (12001 turns).

MoonstoneMouse the Basher (Minotaur Gladiator)     Turns: 12001, Time: 00:48:45

Health: 0/107      AC:  9    Str: 25    XL:     12   Next: 58%
Magic:  5/11       EV:  8    Int:  8    God:    Ru [******]
Gold:   518        SH:  0    Dex: 15    Spells: 0 memorised, 11 levels left

rFire  . . .     SeeInvis .     w - +5 whip (elec)
rCold  . . .     Gourm    .     z - +0 ring mail
rNeg   . . .     Faith    +     (no shield)
rPois  .         Spirit   .     c - +0 hat
rElec  .         Reflect  .     O - +0 cloak
rCorr  +         Harm     .     I - +0 pair of gloves {archery}
MR     .....                    (no boots)
Stlth  ++........               x - amulet of the Griffon {Faith *Drain Str+2 Dex+2}
                                y - ring of resist corrosion
                                n - +3 ring of intelligence

@: lethally poisoned (0 -> -17), exhausted, held, drained
A: retaliatory headbutt, horns 2, inability to use devices, no ice magic, no
translocations magic, no transmutations magic, magic vulnerability 1, unskilled
1
a: Draw Out Power, Power Leap, Apocalypse, Renounce Religion


You were on level 4 of the Lair of Beasts.
You worshipped Ru.
Ru was exalted by your worship.
You were hungry.

You visited 3 branches of the dungeon, and saw 14 of its levels.
You also visited: Labyrinth and Ossuary.

You collected 633 gold pieces.
You spent 115 gold pieces at shops.

Inventory:

Hand Weapons
 o - a cursed +0 dire flail
 w - a +5 whip of electrocution (weapon)
 A - the +11 rapier of Blood-Lust {elec, Str+7 Dex-3, unknown}
   (You found it on level 4 of the Dungeon)

   Occasionally, upon striking a foe, it will discharge some electrical energy
   and cause terrible harm.
   It affects your strength (+7).
   It affects your dexterity (-3).
 E - a +1 antimagic whip
Missiles
 d - 3 throwing nets
 g - 384 stones (quivered)
 u - 56 bolts
Armour
 c - a +0 hat (worn)
 z - a +0 ring mail (worn)
 I - a +0 pair of gloves of archery (worn)
 O - a +0 cloak (worn)
 V - a +0 shield
Jewellery
 e - an uncursed ring of stealth {unknown}
 l - a +2 ring of protection {unknown}
 n - a +3 ring of intelligence (left hand)
 q - an uncursed ring of ice
 s - a +3 ring of intelligence
 t - an uncursed ring of protection from fire
 x - the amulet of the Griffon (around neck) {Faith *Drain Str+2 Dex+2}
   (You found it in a labyrinth)

   [amulet of faith]

   It allows you to gain divine favour quickly.
   It affects your strength (+2).
   It affects your dexterity (+2).
   It causes draining when unequipped.
 y - a ring of resist corrosion (right hand)
 B - a cursed ring of teleportation
 W - an uncursed ring of protection from cold {unknown}
Scrolls
 k - 12 scrolls of remove curse
 p - 4 scrolls of teleportation
 H - a scroll of noise
 M - a scroll of blinking
 P - a scroll of enchant armour {unknown}
Potions
 a - a potion of ambrosia
 h - 7 potions of curing
 i - 3 potions of brilliance
 v - 2 potions of flight
 C - a potion of beneficial mutation {unknown}
 D - a potion of mutation {unknown}
 F - a potion of lignification {unknown}
 K - 2 potions of might {unknown}
 L - a potion of magic {unknown}
 N - a potion of agility {unknown}
 Q - a potion of cure mutation {unknown}
Books
 b - a book of Power

   Spells                             Type                      Level
   a - Fulminant Prism                Conjuration/Hexes            4
   b - Iskenderun's Mystic Blast      Conjuration                  4
   c - Venom Bolt                     Conjuration/Poison           5
   d - Bolt of Magma                  Conjuration/Fire/Earth       5
   e - Iron Shot                      Conjuration/Earth            6
   f - Orb of Destruction             Conjuration                  7
   g - Spellforged Servitor           Conjuration/Summoning        7
 G - a book of Alchemy

   Spells                             Type                      Level
   a - Sublimation of Blood           Necromancy                   2
   b - Ignite Poison                  Fire/Transmutation/Poison    3
   c - Petrify                        Transmutation/Earth          4
   d - Alistair's Intoxication        Transmutation/Poison         5
   e - Irradiate                      Conjuration/Transmutation    5
 R - the Tome of Weightlessness and Conjuration
   (You found it on level 8 of the Dungeon)

   Spells                             Type                      Level
   a - Magic Dart                     Conjuration                  1
   b - Searing Ray                    Conjuration                  2
   c - Static Discharge               Conjuration/Air              3
   d - Iron Shot                      Conjuration/Earth            6
   e - Spellforged Servitor           Conjuration/Summoning        7
 X - the Grimoire of Boosting Earth
   (You found it in a labyrinth)

   Spells                             Type                      Level
   a - Song of Slaying                Charms                       2
   b - Passwall                       Transmutation/Earth          2
   c - Ozocubu's Armour               Charms/Ice                   3
   d - Regeneration                   Charms/Necromancy            3
   e - Iskenderun's Battlesphere      Conjuration/Charms           5
 Y - Sif Muna's Papyrus of Black Rituals and the Snowflakes
   (You found it in a labyrinth)

   Spells                             Type                      Level
   a - Regeneration                   Charms/Necromancy            3
   b - Cigotuvi's Embrace             Necromancy                   5
   c - Freezing Cloud                 Conjuration/Ice/Air          6
   d - Simulacrum                     Ice/Necromancy               6
 Z - the Collected Works on Clay and Combat Magic
   (You found it in a labyrinth)

   Spells                             Type                      Level
   a - Fulminant Prism                Conjuration/Hexes            4
   b - Throw Icicle                   Conjuration/Ice              4
   c - Bolt of Fire                   Conjuration/Fire             6
   d - Statue Form                    Transmutation/Earth          6
Comestibles
 f - 8 bread rations
 j - 2 slices of pizza
 m - 2 meat rations
 r - 2 chunks of flesh
 J - 31 fruits
 S - a royal jelly


   Skills:
 + Level 10.3(9.2) Fighting
   Level 6.6(9.6) Axes
 + Level 13.1(12.3) Maces & Flails
   Level 0.2(0.0) Bows
 + Level 3.1(2.2) Throwing
 + Level 9.9(8.7) Armour
 + Level 7.7(6.6) Dodging
 + Level 5.7(4.7) Stealth


You had 11 spell levels left.
You didn't know any spells.

Dungeon Overview and Level Annotations

Branches:
Dungeon (9/15)             Temple (0/1) D:7            Lair (4/6) D:9
 Spider (1/4) Lair:3
  Swamp: Lair:2-4    Shoals: Lair:2-4       Orc: D:9-12

Altars:
Ashenzari
Ru
Sif Muna
Xom
The Shining One

Shops:
D:6 *([*=   D:9 (

Annotations:
Lair:4 Harold


Innate Abilities, Weirdness & Mutations

You reflexively headbutt those who attack you in melee.
You have a pair of horns on your head.
You cannot study or use magical devices.
You cannot study or cast Ice magic.
You cannot study or cast Translocations magic.
You cannot study or cast Transmutations magic.
You are slightly vulnerable to magic. (MR-)
You are somewhat unskilled. (-1 Apt)


Message History

Found 12 gold pieces.
A spiny frog comes into view.
Harold the Weathered comes into view.
He is wielding a dire flail of holy wrath.
You see here a potion of brilliance.
i - 3 potions of brilliance (gained 1) Harold throws a throwing net.
The throwing net completely misses you.
You redirect Harold's attack!
The spiny frog misses you.
You hit the spiny frog.
The spiny frog is lightly wounded.
Harold throws a throwing net.
The throwing net hits you.
You become entangled in the net!
You struggle against the net.
The spiny frog stings you!
* * * LOW HITPOINT WARNING * * *
The spiny frog stings you!
* * * LOW HITPOINT WARNING * * *
You are lethally poisoned!
The spiny frog poisons you!
You struggle against the net.
You die...

$..###....
#.......# #...⌠...#
#.......#....##
#.⌠...⌠.#.[....
#.(.....#.....
#...⌠........
####F...@...#.#
#...@..†#..@.##
....
#......##.##....#
(..#
...+.⌠..##†.......#
##... .
#..###.####....#
#.... ##+...##
##...###.... #....
#....##.... ###.#
##...#..... ##
#.>.......
###...#P....


You could see Harold and a spiny frog.

Vanquished Creatures
  A minotaur (Lab)
  A hydra (Lair:2)
  The ghost of Sin92 the Cleaver, a novice DsBe of Trog (D:8)
  A moth of wrath (Lair:3)
  3 elephants (Lair:2)
  2 black mambas (Lair:3)
  4 gargoyles (Lab)
  5 spiny frogs
  A komodo dragon (Lair:3)
  3 jumping spiders (Lair:3)
  A polar bear (Lair:3)
  A two-headed ogre (D:9)
  6 hippogriffs
  13 blink frogs
  9 redbacks
  2 shadows (Lab)
  22 yaks
  3 basilisks (Lab)
  A hungry ghost (D:9)
  The ghost of unrecovered the Cutter, an amateur HaWr (D:3)
  6 water moccasins
  5 porcupines
  A black bear (D:6)
  A sky beast (D:8)
  3 phantoms
  An ice beast (D:8)
  3 orc warriors
  10 ogres
  5 wolves
  2 centaurs
  4 crocodiles
  A big kobold (D:8)
  6 bullfrogs
  A wyvern skeleton (D:8)
  A scorpion (D:9)
  3 wights (D:8)
  4 crimson imps
  A centaur zombie (D:8)
  A bullfrog skeleton (D:6)
  5 hounds
  A jelly (D:5)
  3 orc wizards
  2 orc priests
  An iguana (D:6)
  6 worker ants
  A hound skeleton (D:7)
  12 mummies (Ossuary)
  3 worker ant zombies
  7 adders
  4 gnolls (D:8)
  A river rat (D:9)
  3 oozes
  An adder zombie (D:9)
  4 worms
  8 dart slugs
  5 leopard geckos
  9 orcs
  9 giant cockroaches
  7 goblins
  7 hobgoblins
  5 jackals
  A quokka (D:3)
  4 ball pythons
  20 bats
  5 frilled lizards
  A gnoll skeleton (Ossuary)
  3 goblin skeletons (Ossuary)
  6 kobolds
  A kobold skeleton (Ossuary)
  2 orc skeletons (Ossuary)
  A quokka zombie (D:8)
  18 rats
  11 rat skeletons (Ossuary)
  A bush (D:2)
318 creatures vanquished.

Vanquished Creatures (others)
  A basilisk (Lab)
  A mummy (Ossuary)
  A gnoll skeleton (Ossuary)
  6 fungi
  2 plants
11 creatures vanquished.

Grand Total: 329 creatures vanquished

Notes
Turn   | Place    | Note
-------+----------+-------------------------------------------
     0 | D:1      | MoonstoneMouse the Minotaur Gladiator began the quest for the Orb.
     0 | D:1      | Reached XP level 1. HP: 18/18 MP: 0/0
   175 | D:1      | Reached XP level 2. HP: 24/25 MP: 1/1
   712 | D:2      | Reached XP level 3. HP: 30/30 MP: 2/2
   904 | D:2      | Found a shimmering altar of Xom.
   906 | D:2      | Found a sacrificial altar of Ru.
   909 | D:2      | Found a glowing golden altar of the Shining One.
   977 | D:2      | Became a worshipper of Ru the Awakened
  1094 | D:2      | Reached skill level 1 in Armour
  1313 | D:2      | Found a shimmering altar of Xom.
  1314 | D:2      | Reached XP level 4. HP: 37/37 MP: 3/3
  1732 | D:3      | Noticed unrecovered's ghost (amateur HaWr)
  1815 | D:3      | Killed unrecovered's ghost
  1815 | D:3      | Reached skill level 5 in Axes
  1815 | D:3      | Reached XP level 5. HP: 40/45 MP: 4/4
  2181 | D:3      | Gained mutation: You are slightly vulnerable to magic. (MR-) [Ru sacrifice]
  2181 | D:3      | Reached * piety under Ru
  2255 | D:3      | Found a faded altar of an unknown god.
  2267 | D:3      | Reached XP level 6. HP: 11/51 MP: 5/5
  2638 | D:4      | Reached skill level 1 in Maces & Flails
  2989 | D:4      | Got a twisted rapier
  3241 | D:4      | Found a deep blue altar of Sif Muna.
  3305 | D:5      | Entered Level 5 of the Dungeon
  3312 | D:5      | Found a shattered altar of Ashenzari.
  3328 | D:5      | Reached XP level 7. HP: 59/59 MP: 6/6
  3380 | D:5      | Reached skill level 2 in Maces & Flails
  3566 | D:5      | Reached skill level 3 in Maces & Flails
  3625 | D:5      | Reached skill level 5 in Fighting
  3786 | D:5      | Reached XP level 8. HP: 66/68 MP: 7/7
  3817 | D:5      | Reached skill level 4 in Maces & Flails
  3977 | D:5      | Gained mutation: You cannot study or use magical devices. [Ru sacrifice]
  3977 | D:5      | Reached ** piety under Ru
  3977 | D:5      | Reached *** piety under Ru
  3977 | D:5      | Reached **** piety under Ru
  4076 | D:6      | Reached skill level 5 in Maces & Flails
  4087 | D:6      | Found Ginuaret's Armour Boutique.
  4093 | D:6      | Bought a +0 pair of gloves of archery for 115 gold pieces
  4129 | D:6      | Found Maymeymu's Assorted Antiques.
  4312 | D:6      | Found Asiong's Assorted Antiques.
  4322 | D:6      | Reached skill level 5 in Dodging
  4341 | D:6      | Found a sand-covered staircase.
  4346 | Ossuary  | Entered an ossuary
  4504 | Ossuary  | Reached skill level 1 in Stealth
  4615 | Ossuary  | Reached skill level 6 in Maces & Flails
  5052 | D:6      | Found Setryshru's Jewellery Shoppe.
  5103 | D:6      | Found Vut Qejo's Antique Weapon Boutique.
  5443 | D:7      | Reached skill level 7 in Maces & Flails
  5451 | D:7      | Found a staircase to the Ecumenical Temple.
  5614 | D:7      | Reached XP level 9. HP: 43/75 MP: 8/8
  5691 | D:7      | Reached skill level 8 in Maces & Flails
  5919 | D:8      | Gained mutation: You are somewhat unskilled. (-1 Apt) [Ru sacrifice]
  5919 | D:8      | Reduced skill Fighting to level 5
  5919 | D:8      | Reduced skill Maces & Flails to level 7
  5919 | D:8      | Reached ***** piety under Ru
  5958 | D:8      | Reached skill level 5 in Dodging
  6019 | D:8      | Identified the Tome of Weightlessness and Conjuration
  6095 | D:8      | Reached skill level 8 in Maces & Flails
  6219 | D:8      | Noticed Sin92's ghost (novice DsBe)
  6241 | D:8      | Killed Sin92's ghost
  6241 | D:8      | Reached skill level 9 in Maces & Flails
  6241 | D:8      | Reached skill level 5 in Armour
  6525 | D:8      | Reached XP level 10. HP: 36/84 MP: 9/9
  7053 | D:9      | Found a staircase to the Lair.
  7058 | D:9      | Reached skill level 10 in Maces & Flails
  7295 | D:9      | Found Hener's Weapon Boutique.
  7550 | Lair:1   | Entered Level 1 of the Lair of Beasts
  7550 | Lair:1   | Noticed a spiny frog
  7550 | Lair:1   | Noticed a spiny frog
  7554 | Lair:1   | Killed a spiny frog
  7556 | Lair:1   | Killed a spiny frog
  7698 | Lair:1   | Reached skill level 11 in Maces & Flails
  7733 | Lair:1   | Noticed a six-headed hydra
  7749 | Lair:1   | Reached XP level 11. HP: 32/93 MP: 10/10
  7751 | Lair:1   | Gained mutation: You cannot study or cast Ice magic. [Ru sacrifice]
  7751 | Lair:1   | Gained mutation: You cannot study or cast Transmutations magic. [Ru sacrifice]
  7751 | Lair:1   | Gained mutation: You cannot study or cast Translocations magic. [Ru sacrifice]
  7751 | Lair:1   | Reached ****** piety under Ru
  7875 | Lair:1   | Found a labyrinth entrance.
  7885 | Lab      | Entered a labyrinth
  8748 | Lab      | Found an exit through the horrors of the Abyss.
  9406 | Lab      | Noticed a minotaur
  9543 | Lab      | Killed a minotaur
  9543 | Lab      | Reached skill level 12 in Maces & Flails
  9548 | Lab      | Got a polished scythe {venom}
  9554 | Lab      | Identified the Grimoire of Boosting Earth
  9554 | Lab      | Identified Sif Muna's Papyrus of Black Rituals and the Snowflakes
  9554 | Lab      | Identified the Collected Works on Clay and Combat Magic
  9567 | Lab      | Got a coiled sapphire amulet
  9581 | Lair:1   | Identified the amulet of the Griffon {Faith *Drain Str+2 Dex+2} (You found it in a labyrinth)
 10104 | Lair:2   | Identified the +3 scythe "Echoku" {venom, Fragile +Blink rF+ SInv} (You took it off a minotaur in a labyrinth)
 10269 | Lair:2   | Noticed a four-headed hydra
 10277 | Lair:2   | Killed a four-headed hydra
 10364 | Lair:2   | HP: 2/97 [elephant (12)]
 10751 | Lair:3   | Reached XP level 12. HP: 104/104 MP: 11/11
 10890 | Lair:3   | Found a hole to the Spider Nest.
 11233 | Lair:3   | Reached skill level 5 in Stealth
 11246 | Spider:1 | Entered Level 1 of the Spider Nest
 11645 | Lair:3   | Reached skill level 10 in Fighting
 11967 | Lair:4   | Reached skill level 13 in Maces & Flails
 11994 | Lair:4   | Noticed Harold
 12000 | Lair:4   | HP: 2/107 [spiny frog (17)]
 12001 | Lair:4   | Succumbed to a spiny frog's poison

Skill      XL: |  1  2  3  4  5  6  7  8  9 10 11 12 |
---------------+-------------------------------------+-----
Axes           | 4 5 6 7 6 |  6.6
Armour         | 1 2 3 4 5 7 9 |  9.9
Fighting       | 3 4 5 6 6 7 9 10 | 10.3
Dodging        | 4 5 5 6 7 |  7.7
Throwing       | 3 |  3.1
Maces & Flails | 1 3 7 9 11 12 13 | 13.1
Stealth        | 1 2 3 4 5 |  5.7
Bows           | |  0.2

Action                   |  1- 3 |  4- 6 |  7- 9 | 10-12 || total
-------------------------+-------+-------+-------+-------++-------
Melee: War axe           |    98 |    83 |       |       ||   181
       Headbutt          |    27 |    20 |    66 |   127 ||   240
       Whip              |       |    33 |   297 |   482 ||   812
       Scythe            |       |       |       |     2 ||     2
 Fire: Shortbow          |       |       |     7 |       ||     7
Throw: Stone             |     6 |    43 |     2 |     1 ||    52
       Throwing net      |       |     1 |       |       ||     1
Invok: Sacrifice Essence |       |     1 |       |       ||     1
       Sacrifice Artific |       |       |     1 |       ||     1
       Sacrifice Skill   |       |       |     1 |       ||     1
       Power Leap        |       |       |       |     5 ||     5
       Sacrifice Arcana  |       |       |       |     1 ||     1
       Apocalypse        |       |       |       |     1 ||     1
  Use: Scroll            |       |       |    14 |    13 ||    27
       Potion            |       |       |       |     5 ||     5
 Stab: Sleeping          |     1 |       |       |     4 ||     5
       Distracted        |       |       |     1 |     1 ||     2
       Invisible         |       |       |     3 |     3 ||     6
       Paralysed         |       |       |       |     8 ||     8
  Eat: Chunk             |       |     3 |     7 |    10 ||    20
       Beef jerky        |       |     2 |       |     1 ||     3
       Fruit             |       |       |     5 |     7 ||    12
Armor: Leather armour    |    14 |    13 |       |       ||    27
       Ring mail         |       |     3 |    41 |    75 ||   119
Dodge: Dodged            |    43 |    70 |   114 |   185 ||   412
